 Dungeon Crawl Stone Soup version 0.30-a0-365-ge7f957f1db (webtiles) character file.

Game seed: 8558863164831569879

130 Manisia the Trooper (level 5, -7/35 HPs)
             Began as a Tengu Wanderer on Nov 17, 2022.
             Killed by divine providence
             ... invoked by an orc priest
              (14 damage)
             ... on level 3 of the Dungeon.
             The game lasted 00:03:21 (2040 turns).

Manisia the Trooper (Tengu Wanderer)                Turns: 2040, Time: 00:03:21

Health: -7/35      AC:  5    Str: 12    XL:     5   Next: 14%
Magic:  6/6        EV: 13    Int: 11    God:
Gold:   84         SH:  6    Dex: 17    Spells: 4/4 levels left

rFire   . . .      SeeInvis .    m - +1 dagger
rCold   . . .      Faith    .    b - +1 buckler {AC+3}
rNeg    . . .      Spirit   .    d - +0 robe
rPois   +          Reflect  .    (helmet restricted)
rElec   .          Harm     .    (no cloak)
rCorr   .          Rampage  .    (no gloves)
Will    .....                    (boots unavailable)
Stlth   ++........               (no amulet)
HPRegen 0.25/turn                o - ring of poison resistance
MPRegen 0.10/turn                (no ring)

@: flying quickly and evasively, quick
A: beak, talons 3, nimble flight
a: no special abilities


You were on level 3 of the Dungeon.
You visited 1 branch of the dungeon, and saw 3 of its levels.

You collected 84 gold pieces.

Inventory:

Hand Weapons
 a - a +1 short sword
 m - a +1 dagger (weapon)
Missiles
 g - 10 stones (quivered)
 h - 3 poisoned darts
Armour
 b - a +1 buckler of protection (worn)
 d - a +0 robe (worn)
Jewellery
 o - a ring of poison resistance (left hand)
Scrolls
 c - a scroll of vulnerability
Potions
 e - a potion of berserk rage {unknown}
 f - a potion of brilliance
 i - a potion of curing {unknown}
 j - a potion of flight {unknown}
 k - a potion of resistance {unknown}


   Skills:
 - Level 5.0 Fighting
 + Level 4.1 Short Blades
 + Level 1.1 Armour
 + Level 1.1 Dodging
 * Level 2.4 Stealth
 + Level 2.1 Shields


You had 4 spell levels left.
You didn't know any spells.
Your spell library was empty.

Dungeon Overview and Level Annotations

Branches:
Dungeon (3/15)

Altars:


Innate Abilities, Weirdness & Mutations

You have a beak for a mouth.
You have claws for feet.
Your magical nature lets you fly swiftly and evasively.


Message History

Beogh smites you!
You hit the orc priest but do no damage.
The orc priest is almost dead.
You hit the orc priest.
You peck the orc priest, but do no damage.
The orc priest is almost dead.
The orc priest barely misses you.
You hit the orc priest but do no damage.
Your kick misses the orc priest. You peck the orc priest.
You kill the orc priest!
Training target 5.0 for Fighting reached!
Your Fighting skill increases to level 5!
You have reached level 5!
Your magical nature develops, letting you fly swiftly and evasively.
You closely miss the orc. You claw the orc, but do no damage.
The orc completely misses you.
You hit the orc.
The orc is lightly wounded.
The orc hits you with a +0 club.
You hit the orc but do no damage. Your kick misses the orc.
Your peck misses the orc.
The orc is lightly wounded.
The orc hits you but does no damage.
You hit the orc. You claw the orc, but do no damage.
The orc is heavily wounded.
The orc closely misses you.
The orc priest calls upon Beogh to heal the orc.
The orc's wounds heal themselves!
You hit the orc.
The orc is lightly wounded.
You hit the orc. You claw the orc.
You kill the orc!
The orc priest mumbles some strange prayers to Beogh against you.
Pain shoots through your body!
* * * LOW HITPOINT WARNING * * *
An orc priest comes into view. It is wielding a +0 short sword.
The orc priest shouts!
The orc priest invokes the aid of Beogh against you.
Beogh smites you!
You die...

... #.# ..# ..#
#.####+###### #:#
#.........†.#
#.#########.####.#
#oo....#.......#.#
#@# #.#<...)#.#
#.## #.##.####.#
#.)###.#.........#
##...#.####.######
#.............†..
#...#.####.######
#...#.# #.# #
#...#..# #.# #
#...##..##.# #


You could see 2 orc priests.

Vanquished Creatures
  An orc priest (D:3)
  Robin (D:2)
  An adder (D:2)
  A worm (D:2)
  4 dart slugs
  2 orcs (D:3)
  2 ball pythons
  2 endoplasms (D:1)
  2 giant cockroaches (D:1)
  14 goblins
  9 hobgoblins
  2 kobolds (D:1)
  6 quokkas
  8 bats
  A frilled lizard (D:1)
  5 rats
61 creatures vanquished.

Notes
Turn   | Place    | Note
-------+----------+-------------------------------------------
     0 | D:1      | Manisia the Tengu Wanderer began the quest for the Orb.
     0 | D:1      | Manisia set off with the following items: a +1 short sword,
                  | a +0 buckler of protection, a scroll of vulnerability, a +0
                  | robe.
     0 | D:1      | Reached XP level 1. HP: 15/15 MP: 2/2
   109 | D:1      | Reached XP level 2. HP: 14/20 MP: 3/3
   352 | D:1      | Found a faded altar of an unknown god.
   399 | D:1      | Reached XP level 3. HP: 24/24 MP: 4/4
   911 | D:2      | Noticed Robin
   926 | D:2      | Reached skill level 1 in Stealth
   947 | D:2      | Killed Robin
   948 | D:2      | Reached XP level 4. HP: 15/30 MP: 5/5
  1664 | D:2      | Reached skill level 1 in Dodging
  1997 | D:3      | Identified the +7 hand axe of the Pyrrhic Victory {drain,
                  | *Slow rElec rN++ Str+2}
  2034 | D:3      | Reached skill level 5 in Fighting
  2034 | D:3      | Gained mutation: Your magical nature lets you fly swiftly
                  | and evasively. [Tengu growth]
  2034 | D:3      | Reached XP level 5. HP: 20/35 MP: 6/6
  2040 | D:3      | Killed from afar by an orc priest

Illustrated notes

Levels and vault maps discovered:
D:1:      mrwooster_arrival_statue_3, layout_basic,
          shapermc_ecumenical_altar_notcrosses, minmay_stone_trees_small,
          chequers_serial_rivers_room_a
D:2:      layout_basic, eino_tiny_chamber, uniq_robin
D:3:      layout_basic, uniq_natasha

Skill      XL: |  1  2  3  4 |
---------------+-------------+-----
Stealth        | 1 2 |  2.4
Dodging        | 1 |  1.1
Short Blades   | 4 |  4.1
Fighting       | 5 |  5.0
Armour         | |  1.1
Shields        | |  2.1

Action                   |  1- 3 |  4- 6 || total
-------------------------+-------+-------++-------
Melee: Short sword       |    84 |    31 ||   115
       Kick              |    21 |    22 ||    43
       Peck              |     5 |    14 ||    19
       Dagger            |       |    45 ||    45
  Use: Scroll            |     3 |     3 ||     6
 Stab: Sleeping          |     3 |     4 ||     7
Armor: Robe              |    25 |    15 ||    40
Dodge: Dodged            |    33 |    29 ||    62
Block: Buckler           |    17 |    11 ||    28

Table legend: (Time is in decaauts)
 A = Elapsed time spent in this place.
 B = Non-inter-level travel time spent in this place.
 C = Inter-level travel time spent in this place.
 D = Time resting spent in this place.
 E = Time spent auto-exploring this place.
 F = Levels seen in this place.
 G = Mean time per level.
                   A        B        C        D        E       F      G
               +--------+--------+--------+--------+--------+-----+--------+
         Total |   2017 |   1923 |     94 |      0 |   1561 |   3 |  672.3 |
       Dungeon |   2017 |   1923 |     94 |      0 |   1561 |   3 |  672.3 |
               +--------+--------+--------+--------+--------+-----+--------+

Top non-repeatable levels by time:
     D:2: 991 daAuts
     D:1: 904 daAuts
     D:3: 121 daAuts
